 Dungeon Crawl Stone Soup version 0.19.1 (webtiles) character file.

87 Jerry the Slasher (level 4, -1/37 HPs)
             Began as a Minotaur Gladiator on Dec 27, 2016.
             Slain by an orc wizard
             ... wielding a +0 dagger
              (4 damage)
             ... on level 3 of the Dungeon.
             The game lasted 00:02:56 (1981 turns).

Jerry the Slasher (Minotaur Gladiator)              Turns: 1981, Time: 00:02:57

Health: -1/37      AC:  4    Str: 20    XL:     4   Next: 28%
Magic:  3/3        EV: 13    Int:  5    God:
Gold:   127        SH:  0    Dex: 11    Spells: 0 memorised, 3 levels left

rFire  . . .     SeeInvis .     a - +0 long sword
rCold  . . .     Gourm    .     b - +0 leather armour
rNeg   . . .     Faith    .     (no shield)
rPois  .         Spirit   .     c - +0 hat
rElec  .         Reflect  .     (no cloak)
rCorr  .         Harm     .     i - +0 pair of gloves
MR     .....                    (no boots)
Stlth  +.........               (no amulet)
                                (no ring)
                                (no ring)

@: confused
A: retaliatory headbutt, horns 2
a: no special abilities


You were on level 3 of the Dungeon.
You were not hungry.

You visited 1 branch of the dungeon, and saw 3 of its levels.

You collected 127 gold pieces.

Inventory:

Hand Weapons
 a - a +0 long sword (weapon)
Missiles
 d - 3 throwing nets (quivered)
Armour
 b - a +0 leather armour (worn)
 c - a +0 hat (worn)
 i - a +0 pair of gloves (worn)
Wands
 v - a wand of heal wounds (1/9)
Scrolls
 e - a scroll of teleportation {unknown}
 j - 2 scrolls of remove curse {unknown}
 k - 4 scrolls of enchant weapon {unknown}
 l - 2 scrolls of identify {unknown}
 o - a scroll of random uselessness {unknown}
 p - a scroll of enchant armour {unknown}
 q - a scroll of recharging {unknown}
 r - a scroll of amnesia {unknown}
Potions
 h - a potion of lignification {unknown}
 m - a potion of resistance {unknown}
 n - 2 potions of curing {unknown}
 t - 2 potions of invisibility {unknown}
 u - 2 potions of brilliance {unknown}
Comestibles
 f - 3 bread rations
 g - a meat ration
 s - 3 chunks of flesh


   Skills:
 - Level 2.4 Fighting
 + Level 4.6 Long Blades
 - Level 2.0 Throwing
 + Level 2.6 Armour
 + Level 4.2 Dodging


You had 3 spell levels left.
You didn't know any spells.

Dungeon Overview and Level Annotations

Branches:
Dungeon (3/15)

Altars:
Ashenzari


Innate Abilities, Weirdness & Mutations

You reflexively headbutt those who attack you in melee.
You have a pair of horns on your head.


Message History

You are too confused!
You are too confused!
You are too confused!
You bump into the rock wall.
You hear some strange, mumbled words.
A magic dart appears from out of thin air!
The magic dart hits you!
The orc throws a tomahawk.
The tomahawk closely misses you.
You're too confused to move!
Something hits you.
You bump into the rock wall.
Something hits you.
* * * LOW HITPOINT WARNING * * *
The orc throws a tomahawk.
You barely miss something. Something barely misses you.
You bump into the rock wall.
You hear some strange, mumbled words.
A puff of flame appears from out of thin air!
The puff of flame hits you!
* * * LOW HITPOINT WARNING * * *
You miss something. You headbutt something. Something hits you.
You die...

#..########
#..oo{@..(#
##.######.#
#### #.#
... #.
#####.#
.####
#.##.....#
....# #
#.##.#####
..###.#
#.##.#
......#
#.##.#
...####
#.##.#


You could see 2 orcs.

Vanquished Creatures
  4 adders (D:2)
  An ooze (D:2)
  2 worms (D:2)
  A dart slug (D:1)
  2 leopard geckos
  2 orcs (D:3)
  A ball python (D:3)
  5 bats
  2 giant cockroaches
  4 goblins
  A hobgoblin (D:2)
  7 kobolds
  3 frilled lizards (D:1)
  5 rats
40 creatures vanquished.

Notes
Turn   | Place    | Note
-------+----------+-------------------------------------------
     0 | D:1      | Jerry the Minotaur Gladiator began the quest for the Orb.
     0 | D:1      | Reached XP level 1. HP: 18/18 MP: 0/0
   144 | D:1      | Reached skill level 1 in Armour
   211 | D:1      | Reached XP level 2. HP: 23/25 MP: 1/1
   697 | D:2      | Reached XP level 3. HP: 17/30 MP: 2/2
  1455 | D:2      | Reached XP level 4. HP: 34/37 MP: 3/3
  1479 | D:2      | Found a shattered altar of Ashenzari.
  1981 | D:3      | Slain by an orc wizard

Skill      XL: |  1  2  3 |
---------------+----------+-----
Armour         | 1 2 |  2.6
Long Blades    | 4 |  4.6
Dodging        | 4 |  4.2
Fighting       | |  2.4
Throwing       | |  2.0

Action                   |  1- 3 |  4- 6 || total
-------------------------+-------+-------++-------
Melee: Long sword        |    63 |    21 ||    84
       Headbutt          |     6 |     6 ||    12
  Eat: Chunk             |     2 |     1 ||     3
Armor: Leather armour    |    11 |     4 ||    15
Dodge: Dodged            |    42 |    12 ||    54
       Rpst.: Long sword |     7 |     5 ||    12
